 Dungeon Crawl Stone Soup version 0.27.0-1-g7a089689b8 (webtiles) character file.

Game seed: 882737657214093648

87 nicksoapdish the Sneak (level 4, 0/28 HPs)
             Began as an Octopode Enchanter on Aug 2, 2021.
             Slain by Sigmund (3 damage)
             ... on level 3 of the Dungeon.
             The game lasted 00:13:31 (3040 turns).

nicksoapdish the Sneak (Octopode Enchanter)         Turns: 3040, Time: 00:13:32

Health: 0/28       AC:  1    Str:  7    XL:     4   Next: 51%
Magic:  7/7        EV: 13    Int: 17    God:
Gold:   179        SH:  0    Dex: 13    Spells: 1/7 levels left

rFire    . . .     SeeInvis .   a - +1 dagger (vamp)
rCold    . . .     Faith    .   (no shield)
rNeg     . . .     Spirit   .   (helmet restricted)
rPois    .         Reflect  .   (no amulet)
rElec    .         Harm     .   (no ring)
rCorr    .         Rampage  .   (no ring)
Will     .....                  (no ring)
Stlth    ++++......             (no ring)
HPRegen  0.09/turn              (no ring)
MPRegen  0.10/turn              (no ring)
                                (no ring)
                                (no ring)

@: no status effects
A: almost no armour, amphibious, 8 rings, camouflage 1, gelatinous body 1,
(nimble swimmer 1), tentacles
a: no special abilities


You were on level 3 of the Dungeon.
You visited 1 branch of the dungeon, and saw 3 of its levels.

You collected 179 gold pieces.

Inventory:

Hand Weapons
 a - a +1 vampiric dagger (weapon)
 b - a +0 club
 c - a +1 dagger
Wands
 e - a wand of polymorph (4)


   Skills:
 * Level 1.1 Fighting
 * Level 2.0 Short Blades
 + Level 2.2 Dodging
 + Level 5.2 Stealth
 + Level 2.2 Spellcasting
 + Level 3.5 Hexes


You had one spell level left.
You knew the following spells:

 Your Spells              Type           Power      Damage    Failure   Level
a - Corona                Hex            14%        N/A       4%          1
b - Tukima's Dance        Hex            13%        N/A       14%         3
c - Ensorcelled Hibernat  Hex/Ice        14%        N/A       14%         2

Your spell library contained the following spells:

 Spells                   Type           Power      Damage    Failure   Level
 Animate Skeleton         Necr           2%         N/A       19%         1
 Apportation              Tloc           2%         N/A       19%         1
 Summon Small Mammal      Summ           4%         N/A       19%         1
 Confusing Touch          Hex            13%        N/A       14%         3
 Dazzling Flash           Conj/Hex       14%        N/A       28%         3
 Ignite Poison            Fire/Tmut/Pois 1%         N/A       50%         3
 Mephitic Cloud           Conj/Pois/Air  1%         N/A       50%         3
 Bolt of Magma            Conj/Fire/Erth 0%         4d4       99%         5


Dungeon Overview and Level Annotations

Branches:
Dungeon (3/15)

Altars:

Annotations:
D:3 Sigmund


Innate Abilities, Weirdness & Mutations

You cannot wear most types of armour.
You are amphibious.
You can wear up to eight rings at the same time.
Your skin changes colour to match your surroundings (Stealth+).
Your rubbery body absorbs attacks. (AC +1, EV +1)
((You are camouflaged near water. (Stealth+)))
You have tentacles for arms and can constrict up to eight enemies at once.


Message History

You hit the goblin. You grab the goblin.
The goblin is heavily wounded.
You constrict the goblin.
You kill the goblin!
Something hits you.
You are poisoned.
You feel very sick. Something barely misses you.
Items here: ! ) ? [ †.
Okay, then.
Okay, then.
Okay, then.
Casting: Ensorcelled Hibernation (safe; 14% risk of failure)
Confirm with . or Enter, or press ? or * to list all spells.
Okay, then.
You feel sick.
You hear some strange, mumbled words.
A puff of flame appears from out of thin air!
The puff of flame hits you!
You feel sick.
You feel sick.
You hear some strange, mumbled words.
You are confused.
It was a potion of lignification.
You turn into a tree.
Your roots penetrate the ground.
You feel sick.
It was a potion of cancellation.
Your magical effects are unravelling.
You feel magically purged.
You feel less wooden.
You feel less confused.
You feel sick.
Sigmund appears from thin air!
Reactivating autopickup.
Sigmund barely misses you.
You aren't carrying any potions.
You feel sick.
You feel sick.
You feel sick.
You are no longer poisoned.
There is a stone staircase leading up here.
Sigmund hits you from afar with a +1 scythe of venom.
You die...

......####PPPP.# #.#
.......###P...P###)#
.........#.......#)#
........).....P#)).#
........#)PPP..##..#
........##.#.####..#
........##...####..#
...................#
..............@[@..#
...................#
.................<.#
................>..#
...................#
...................#
.......(...........#
##...............###
#...............#


You could see Sigmund.

Vanquished Creatures
  Robin (D:3)
  An adder (D:2)
  4 dart slugs
  2 bats
  2 endoplasms
  3 giant cockroaches
  16 goblins
  5 hobgoblins
  2 jackals (D:2)
  4 kobolds
  3 quokkas
  4 ball pythons
  3 frilled lizards
  4 rats (D:1)
54 creatures vanquished.

Vanquished Creatures (others)
  A dancing weapon (D:3)
  A fungus (D:3)
  5 toadstools (D:3)
7 creatures vanquished.

Grand Total: 61 creatures vanquished

Notes
Turn   | Place    | Note
-------+----------+-------------------------------------------
     0 | D:1      | nicksoapdish the Octopode Enchanter began the quest for the
                  | Orb.
     0 | D:1      | Reached XP level 1. HP: 11/11 MP: 3/3
   146 | D:1      | Reached XP level 2. HP: 6/17 MP: 3/5
   778 | D:1      | Reached XP level 3. HP: 22/22 MP: 6/6
   788 | D:1      | Learned a level 3 spell: Tukima's Dance
   791 | D:1      | Learned a level 2 spell: Ensorcelled Hibernation
  1101 | D:1      | Found a faded altar of an unknown god.
  2366 | D:3      | Reached XP level 4. HP: 24/27 MP: 7/7
  2478 | D:3      | Noticed Robin
  2513 | D:3      | Reached skill level 5 in Stealth
  2602 | D:3      | Reached skill level 1 in Fighting
  2743 | D:3      | Killed Robin
  2996 | D:3      | Noticed Sigmund
  3040 | D:3      | Slain by Sigmund

Illustrated notes

Levels and vault maps discovered:
D:1:      psy_arrival_dodecagon, layout_basic, shapermc_ecumenical_altar_ellora,
          amcnicky_mini_corridor_feature, chequers_big_river,
          chequers_serial_rivers_small_b
D:2:      layout_rooms, chequers_serial_rivers_micro_c
D:3:      layout_rooms, jmf_multi_god_temple2, minmay_gold_behind_fungi,
          uniq_sigmund, uniq_robin

Skill      XL: |  1  2  3  4 |
---------------+-------------+-----
Stealth        | 5 |  5.2
Fighting       | 1 |  1.1
Short Blades   | 2 |  2.0
Dodging        | |  2.2
Spellcasting   | |  2.2
Hexes          | |  3.5

Action                   |  1- 3 |  4- 6 || total
-------------------------+-------+-------++-------
Melee: Dagger            |    84 |    35 ||   119
       Constrict         |    19 |    13 ||    32
       Tentacles         |    10 |     4 ||    14
       Unarmed           |       |     4 ||     4
 Cast: Corona            |     1 |       ||     1
       Ensorcelled Hiber |     8 |     2 ||    10
       Tukima's Dance    |       |     1 ||     1
  Use: Scroll            |     3 |     2 ||     5
       Potion            |       |     2 ||     2
 Stab: Sleeping          |    15 |     1 ||    16
Armor: Skin              |     4 |     3 ||     7
Dodge: Dodged            |    40 |    20 ||    60
